 Dungeon Crawl Stone Soup version 0.29.1-2-gbd0b4ee654 (webtiles) character file.

Game seed: 1486527478025244500

72 JimmyDeans the Cutter (level 4, -4/40 HPs)
             Began as a Draconian Chaos Knight on Oct 25, 2022.
             Was a Believer of Qazlal.
             Slain by a bullfrog (6 damage)
             ... on level 4 of the Dungeon.
             The game lasted 00:17:45 (1186 turns).

JimmyDeans the Cutter (Draconian Chaos Knight)      Turns: 1186, Time: 00:17:45

Health: -4/40      AC:  5    Str: 16    XL:     4   Next: 6%
Magic:  4/4        EV: 12    Int: 13    God:    Qazlal [**....]
Gold:   94         SH:  2    Dex: 10    Spells: 2/3 levels left

rFire   . . .      SeeInvis .   a - +0 short sword (chaos)
rCold   . . .      Faith    .   (no shield)
rNeg    . . .      Spirit   .   (body armour unavailable)
rPois   .          Reflect  .   (helmet restricted)
rElec   .          Harm     .   (no cloak)
rCorr   .          Rampage  .   (no gloves)
Will    .....                   (no boots)
Stlth   +.........              (no amulet)
HPRegen 0.13/turn               (no ring)
MPRegen 0.09/turn               (no ring)

@: no status effects
A: AC +5, unfitting armour, cold-blooded
a: Renounce Religion, Upheaval


You were on level 4 of the Dungeon.
You worshipped Qazlal.
Qazlal was pleased with you.
You visited 1 branch of the dungeon, and saw 4 of its levels.

You collected 94 gold pieces.

Inventory:

Hand Weapons
 a - a +0 short sword of chaos (weapon)
 c - a +0 dagger
 h - a +0 short sword
Missiles
 e - 6 poisoned darts
Armour
 d - a +0 helmet
 g - a +0 leather armour
Scrolls
 f - 4 scrolls of identify
Miscellaneous
 b - a piece from Xom's chessboard (15/15) (quivered)


   Skills:
 + Level 3.8 Fighting
 + Level 3.9 Short Blades
 + Level 2.8 Dodging
 + Level 0.4 Stealth
 + Level 0.3 Shields


You had 2 spell levels left.
You knew the following spells:

 Your Spells              Type           Power      Damage    Failure   Level
a - Magic Dart            Conj           0%         1d3       30%         1

Your spell library contained the following spells:

 Spells                   Type           Power      Damage    Failure   Level
 Searing Ray              Conj           0%         2d4       43%         2
 Summon Guardian Golem    Hex/Summ       0%         N/A       67%         3
 Fulminant Prism          Conj/Hex       0%         3d6       97%         4
 Orb of Destruction       Conj           0%         9d5       100%        7
 Spellforged Servitor     Conj/Summ      0%         N/A       100%        7


Dungeon Overview and Level Annotations

Branches:
Dungeon (4/15)
 Temple: D:4-7

Altars:
Qazlal

Shops:
D:4 [[


Innate Abilities, Weirdness & Mutations

Your plain brown scales are hard. (AC +5)
You cannot fit into any form of body armour.
You are cold-blooded and may be slowed by cold attacks.


Message History

The bullfrog is lightly wounded.
The bullfrog hits you but does no damage.
The hound closely misses you. The bullfrog barely misses you.
You hit the bullfrog.
The bullfrog easily resists.
The bullfrog is moderately wounded.
The hound misses you. The bullfrog barely misses you.
The hound closely misses you.
You miss the bullfrog.
The bullfrog is moderately wounded.
The bullfrog hits you but does no damage.
The hound misses you.
The bullfrog hits you but does no damage.
You hit the bullfrog.
Your tail-slap misses the bullfrog.
The bullfrog is moderately wounded.
You block the hound's attack. You block the bullfrog's attack.
The hound closely misses you.
You hit the bullfrog but do no damage.
The bullfrog is poisoned.
The bullfrog is moderately wounded.
The bullfrog barely misses you. The hound closely misses you.
You closely miss the bullfrog.
The bullfrog is heavily wounded.
The bullfrog hits you.
* * * LOW HITPOINT WARNING * * *
The hound bites you.
* * * LOW HITPOINT WARNING * * *
The bullfrog hits you.
* * * LOW HITPOINT WARNING * * *
You hit the hound.
The hound seems to slow down.
The hound is lightly wounded.
The hound bites you but does no damage. The bullfrog closely misses you.
You closely miss the hound.
The hound is lightly wounded.
You block the bullfrog's attack. The hound bites you but does no damage.
You barely miss the hound.
The hound is lightly wounded.
The hound is no longer moving slowly.
The bullfrog barely misses you. The hound barely misses you.
The bullfrog snags a nearby baby bat with its tongue.
The bullfrog hits you.
You die...

... ##..........##
...#####..######## #...
......#...# ....
..........# #######.....
.....(....###.....#.....
......†......∩..........
....##..................
...#............○F......
.....^##........@h.....#
.....# #...............#
...## ##..............#
.## ##...###...###.#
##..# #...#E# . ####
#...### .......
..._..... ....


You could see a bullfrog (agile, poisoned) and a hound.

Vanquished Creatures
  An iguana (D:4)
  An adder (D:3)
  2 worms
  A dart slug (D:1)
  An orc (D:3)
  An endoplasm (D:4)
  5 goblins
  3 hobgoblins
  2 quokkas
  5 ball pythons
  3 bats
  4 kobolds
29 creatures vanquished.

Notes
Turn   | Place    | Note
-------+----------+-------------------------------------------
     0 | D:1      | JimmyDeans the Draconian Chaos Knight began the quest for
                  | the Orb.
     0 | D:1      | Reached XP level 1. HP: 19/19 MP: 1/1
    64 | D:1      | XOM: silly message
   134 | D:1      | Found a faded altar of an unknown god.
   151 | D:1      | Prayed at the altar of an unknown god.
   151 | D:1      | Fell from the grace of Xom
   151 | D:1      | Became a worshipper of Qazlal Stormbringer
   151 | D:1      | Reached * piety under Qazlal
   222 | D:1      | Reached XP level 2. HP: 23/26 MP: 2/2
   422 | D:2      | XOM: summons 2 hostile shadow creatures
   689 | D:2      | XOM: draining
   782 | D:2      | Learned a level 1 spell: Magic Dart
   945 | D:3      | Reached XP level 3. HP: 26/29 MP: 3/3
  1027 | D:4      | Found Zaf Jeb's Antique Armour Boutique.
  1119 | D:4      | Found Faxovuq's Antique Armour Shop.
  1135 | D:4      | Reached XP level 4. HP: 20/40 MP: 4/4
  1137 | D:4      | Reached ** piety under Qazlal
  1164 | D:4      | Noticed an earth elemental
  1165 | D:4      | Found a stormy altar of Qazlal.
  1172 | D:4      | Noticed a bullfrog
  1183 | D:4      | HP: 1/40 [bullfrog (6)]
  1186 | D:4      | Slain by a bullfrog

Illustrated notes

Levels and vault maps discovered:
D:1:      psy_arrival_fountain, layout_basic,
          chequers_ecumenical_altar_simple_redux
D:2:      layout_basic, serial_bayou_pond_d
D:3:      layout_loops_ring
D:4:      layout_cave_pods, nicolae_qazlal_style_of_elements, serial_shops,
          shop, nicolae_stop_n_shop_2, kennysheep_mini_moat,
          uniq_crazy_yiuf_cottage

Action                   |  1- 3 |  4- 6 || total
-------------------------+-------+-------++-------
Melee: Short sword       |   101 |    17 ||   118
       Tailslap          |     5 |       ||     5
       Punch             |     1 |       ||     1
  Use: Scroll            |     4 |       ||     4
       Potion            |     1 |       ||     1
 Stab: Petrifying        |     1 |       ||     1
Armor: Skin              |    35 |     6 ||    41
Dodge: Dodged            |    65 |    19 ||    84
Block: Other             |     7 |     5 ||    12
